 Dungeon Crawl Stone Soup version 0.15.2 (webtiles) character file.

46 MordorOrchid the Ruffian (level 3, -1/33 HPs)
             Began as a Troll Transmuter on July 2, 2022.
             Slain by Sigmund
             ... wielding a +0 scythe
              (7 damage)
             ... on Level 2 of the Dungeon.
             The game lasted 00:10:58 (1184 turns).

MordorOrchid the Ruffian (Troll Transmuter)         Turns: 1184, Time: 00:10:58

HP  -1/33        AC  5     Str 18      XL: 3   Next: 46%
MP   1/4         EV  9     Int 10      God:
Gold 121         SH  0     Dex 10      Spells:  2 memorised,  2 levels left

rFire  . . .     SeeInvis .       - Unarmed
rCold  . . .     Clarity  .     c - +0 robe
rNeg   . . .     rCorr    .     (shield restricted)
rPois  .         rRot     .     (helmet restricted)
rElec  .         Spirit   .     (no cloak)
SustAb .         Warding  .     (gloves unavailable)
rMut   .         Stasis   .     (boots unavailable)
Gourm  +                        (no amulet)
MR     .....                    (no ring)
                                (no ring)

@: appendage (expiring), not resistant to hostile enchantments, very unstealthy
A: unfitting armour, claws 3, talons 3, fast metabolism 3, gourmand,
regeneration 2, saprovore 2, shaggy fur 1, tough skin 2
a: End Transformation


You were on level 2 of the Dungeon.
You were very full.
You had grown temporary talons.
You visited 1 branch of the dungeon, and saw 2 of its levels.

You collected 121 gold pieces.

Inventory:

Hand weapons
 h - a +2 antimagic hand axe
 i - a +1 dagger of venom
 j - a +0 hunting sling
Missiles
 b - 10 arrows
 e - 38 sling bullets
 f - 19 stones (quivered)
Armour
 c - a +0 robe (worn)
Comestibles
 a - 3 meat rations
 l - 2 fruits
 n - a beef jerky
Scrolls
 g - a scroll of identify {unknown}
 k - 2 scrolls of amnesia
Books
 d - a book of Changes

   Spells                             Type                      Level
   *Beastly Appendage                 Transmutation                1
   *Sticks to Snakes                  Transmutation                2
   Spider Form                        Transmutation/Poison         3
   Ice Form                           Ice/Transmutation            4
   Blade Hands                        Transmutation                5


   Skills:
 * Level 1.4 Fighting
 - Level 1.5 Dodging
 - Level 3.0 Unarmed Combat
 * Level 1.8 Spellcasting
 * Level 2.0 Transmutations


You had 2 spell levels left.
You knew the following spells:

 Your Spells              Type           Power        Failure   Level  Hunger
a - Beastly Appendage     Trmt           #.....       14%         1    ##.....
t - Sticks to Snakes      Trmt           #.........   21%         2    ###....


Dungeon Overview and Level Annotations

Branches:
Dungeon (2/15)

Altars:

Annotations:
D:2 Sigmund


Innate Abilities, Weirdness & Mutations

You are too large for most types of armour.
You have claws for hands.
Your metabolism is lightning-fast.
You like to eat raw meat.
You heal very quickly.
You can eat rotten meat.
You are covered in fur (AC +1).
You have very tough skin (AC +2).
You have claws for feet.


Message History

Orders for allies: a - Attack new target. r - Retreat! s - Stop attacking. w - Wait here. f - Follow me.
Anything else - Stay silent.
Retreat in which direction?
Press: ? - help, Dir - move target cursor Fall back!
The puff of flame hits your adder.
Your adder dies!
Wield which item (- for none, * to show all)? (? for menu, Esc to quit)
You are now empty-clawed.
Casting: Sticks to Snakes
Confirm with . or Enter, or press ? or * to list all spells.
Your feet morph into talons.
Your transformation is almost over.
Something hits you!
You miss something. Something hits you!
* * * LOW HITPOINT WARNING * * *
You barely miss something. You closely miss something. Something hits you!
You die...

###
#############.#
#...........@.#
#.###########.#
#.# #.# #.# #.#
#.# #.# #.# #.#
#.# ######.#####
#@# #..........#
. #.#
#..........#####
.#


There were no monsters in sight!

Vanquished Creatures
  An adder (D:2)
  4 giant geckos
  2 oozes (D:1)
  3 giant cockroaches
  4 hobgoblins
  6 kobolds (D:1)
  A ball python (D:1)
  4 bats
  2 giant newts (D:1)
  3 goblins
  3 rats
33 creatures vanquished.

Notes
Turn   | Place    | Note
--------------------------------------------------------------
     0 | D:1      | MordorOrchid, the Troll Transmuter, began the quest for the Orb.
     0 | D:1      | Reached XP level 1. HP: 18/18 MP: 2/2
   181 | D:1      | Reached skill level 1 in Fighting
   181 | D:1      | Reached XP level 2. HP: 25/27 MP: 2/2
   185 | D:1      | Learned a level 2 spell: Sticks to Snakes
   660 | D:1      | Reached XP level 3. HP: 33/33 MP: 4/4
  1148 | D:2      | Noticed Sigmund
  1184 | D:2      | Slain by Sigmund

Action                   || total
-------------------------++-------
Melee: Unarmed           ||    62
 Fire: Hunting sling     ||    59
 Cast: Sticks to Snakes  ||     2
       Beastly Appendage ||     2
  Use: Scroll            ||     1
  Eat: Chunk             ||    14
